 Dungeon Crawl Stone Soup version 0.30.2 (webtiles) character file.

Game seed: 13078416542992965254

93 porpoise the Shooter (level 4, -2/34 HPs)
             Began as a Human Hunter on Apr 8, 2024.
             Slain by Pargi (8 damage)
             ... on level 3 of the Dungeon.
             The game lasted 00:02:57 (1562 turns).

porpoise the Shooter (Human Hunter)                 Turns: 1562, Time: 00:02:57

Health: -2/34      AC:  3    Str: 12    XL:     4   Next: 92%
Magic:  4/4        EV: 12    Int:  9    God:
Gold:   60         SH:  0    Dex: 18    Spells: 3/3 levels left

rFire   . . .        a - +0 shortbow
rCold   . . .        (shield currently unavailable)
rNeg    . . .        c - +0 leather armour
rPois   .            (no helmet)
rElec   .            (no cloak)
rCorr   .            (no gloves)
SInv    .            (no boots)
Will    .....        (no amulet)
Stlth   ++           (no ring)
HPRegen 0.25/turn    (no ring)
MPRegen 0.09/turn

%: no passive effects
@: no status effects
A: no striking features
a: no special abilities


You were on level 3 of the Dungeon.
You visited 1 branch of the dungeon, and saw 3 of its levels.

You collected 60 gold pieces.

Inventory:

Hand Weapons
 a - a +0 shortbow (weapon)
 l - a +1 mace of protection
Armour
 c - a +0 leather armour (worn)
Jewellery
 i - an amulet of faith
Wands
 j - a wand of iceblast (9)
Scrolls
 b - a scroll of immolation
 d - a scroll of identify {unknown}
 e - a scroll of enchant armour {unknown}
 f - a scroll of noise {unknown}
 m - a scroll of enchant weapon {unknown}
 o - a scroll of blinking {unknown}
Potions
 g - a potion of might {unknown}
 h - a potion of heal wounds {unknown}
 k - a potion of haste {unknown}
 n - a potion of cancellation {unknown}


   Skills:
 + Level 2.8 Fighting
 * Level 5.0 Ranged Weapons
 - Level 2.0 Dodging
 + Level 2.3 Stealth


You had 3 spell levels left.
You didn't know any spells.
Your spell library contained the following spells:

 Spells                   Type           Power      Damage    Failure   Level
 Freeze                   Ice            0%         1d3       45%         1
 Frozen Ramparts          Ice            0%         1d1       83%         3
 Hailstorm                Conj/Ice       0%         3d3       83%         3


Dungeon Overview and Level Annotations

Branches:
Dungeon (3/15)

Altars:
Ashenzari

Annotations:
D:3 Pargi


Message History

You shoot an arrow. The arrow hits Pargi.
Pargi shouts!
Pargi is lightly wounded.
You shoot an arrow. The arrow hits Pargi.
Pargi is moderately wounded.
You shoot an arrow. The arrow hits Pargi!
Pargi is heavily wounded.
You shoot an arrow.
The arrow hits Pargi but does no damage.
Pargi is heavily wounded.
You shoot an arrow. The arrow hits Pargi.
Pargi is heavily wounded.
You shoot an arrow. The arrow closely misses Pargi.
Pargi bites you. Pargi claws you. Pargi claws you but does no damage.
You shoot an arrow. The arrow hits Pargi.
Pargi is heavily wounded.
Pargi completely misses you. Pargi claws you. x2
Pargi looks around nervously.
Pargi misses you. Pargi claws you. Pargi closely misses you.
You shoot an arrow. The arrow hits Pargi!
Pargi is severely wounded.
Pargi bites you. Pargi claws you but does no damage. Pargi misses you.
You shoot an arrow. The arrow closely misses Pargi.
Pargi closely misses you. Pargi completely misses you.
Pargi claws you but does no damage.
You shoot an arrow. The arrow hits Pargi.
Pargi is almost dead.
Pargi bites you. Pargi barely misses you. Pargi claws you.
You are too injured to fight recklessly!
You are too injured to fight recklessly!
You are too injured to fight recklessly!
You shoot an arrow. The arrow hits Pargi.
Pargi is almost dead.
Pargi bites you.
* * * LOW HITPOINT WARNING * * *
Pargi barely misses you. Pargi closely misses you. Pargi barely misses you. x2
Pargi claws you but does no damage.
You shoot an arrow. The arrow hits Pargi.
Pargi is almost dead.
Pargi bites you!
You die...

#####...######.
†.######.#.#
...........#
.########..#
#..# #..# #..#
#..# #@.#
.....$T..#
#######.## #.#
#.# #.. ###


You could see Pargi.

Vanquished Creatures
  Natasha (twice) (D:2)
  2 dart slugs
  An orc (D:2)
  A ball python (D:1)
  3 endoplasms
  A giant cockroach (D:3)
  A goblin (D:1)
  4 hobgoblins
  4 jackals (D:1)
  5 bats
  8 frilled lizards
  5 kobolds
  A rat (D:1)
38 creatures vanquished.

Notes
Turn   | Place    | Note
-------+----------+-------------------------------------------
     0 | D:1      | porpoise the Human Hunter began the quest for the Orb.
     0 | D:1      | Reached XP level 1. HP: 16/16 MP: 1/1
   180 | D:1      | Reached XP level 2. HP: 22/22 MP: 2/2
   317 | D:1      | Found a faded altar of an unknown god.
   491 | D:1      | Reached XP level 3. HP: 28/28 MP: 3/3
   842 | D:2      | Noticed Natasha
   845 | D:2      | Killed Natasha
   846 | D:2      | Reached XP level 4. HP: 27/34 MP: 4/4
  1423 | D:2      | Noticed Natasha
  1426 | D:2      | Killed Natasha
  1427 | D:2      | Reached skill level 5 in Ranged Weapons
  1428 | D:2      | Found a broken altar of Ashenzari.
  1550 | D:3      | Noticed Pargi
  1562 | D:3      | Slain by Pargi

Illustrated notes

Levels and vault maps discovered:
D:1:      sevenhm_arrival_forest_fort_large_1, layout_loops_ring,
          dreamdust_ecumenical_altar_grove, hangedman_decor_push
D:2:      layout_loops_ring, basic_altar, minmay_lizard_king, uniq_natasha
D:3:      layout_loops_ring, serial_shops, shop, shop,
          nicolae_shop_back_alley_shop, chequers_arboretum, uniq_pargi,
          uniq_ijyb

Skill      XL: |  1  2  3  4 |
---------------+-------------+-----
Stealth        | 2 |  2.3
Ranged Weapons | 5 |  5.0
Fighting       | |  2.8
Dodging        | |  2.0

Action                     |  1- 3 |  4- 6 || total
---------------------------+-------+-------++-------
   Fire: Shortbow          |    50 |    61 ||   111
 Armour: Leather armour    |     3 |    10 ||    13
  Dodge: Dodged            |    16 |    32 ||    48
